 Dungeon Sprint DCSS version 0.30-a0-272-gf98c3da03f (webtiles) character file.

Game seed: 17707029309755374575

4432 rocky1 the Geomancer (level 10, -1/81 HPs)
             Began as an Octopode Earth Elementalist on Oct 16, 2022.
             Was an Initiate of Gozag.
             Slain by a sun demon (19 damage)
             ... summoned by Frances
             ... in the Dungeon (Sprint III: "The Ten Rune Challenge").
             The game lasted 00:14:41 (1896 turns).

rocky1 the Geomancer (Octopode Earth Elementalist)  Turns: 1896, Time: 00:14:41

Health: -1/81      AC:  1    Str:  8    XL:     10   Next: 36%
Magic:  27/27      EV: 13    Int: 22    God:    Gozag
Gold:   356        SH:  0    Dex: 12    Spells: 26/35 levels left

rFire   . . .      SeeInvis +    p - +1 long sword (holy)
rCold   . . .      Faith    .    (no shield)
rNeg    . . .      Spirit   .    r - +0 mask of the Dragon {Will+ Slay+3 SInv}
rPois   .          Reflect  .    (no amulet)
rElec   .          Harm     .    (no ring)
rCorr   .          Rampage  .    (no ring)
Will    +....      NoTele   +    (no ring)
Stlth   +++.......               (no ring)
HPRegen 0.33/turn                (no ring)
MPRegen 0.20/turn                (no ring)
                                 (no ring)
                                 (no ring)

@: no status effects
A: almost no armour, amphibious, 8 rings, camouflage 1, gelatinous body 1,
(nimble swimmer 1), tentacles
a: Renounce Religion, Potion Petition, Call Merchant, Bribe Branch


You were in the Dungeon.
You worshipped Gozag.
Gozag was aware of your devotion.
You visited 1 branch You collected 5000 gold pieces.
You spent 1036 gold pieces at shops.
You paid 3608 gold pieces to Gozag.

Inventory:

Hand Weapons
 o - a +1 dagger of speed
 p - a +1 long sword of holy wrath (weapon)
 s - a +1 dagger of venom
Missiles
 g - 3 poisoned darts
Armour
 r - the +0 mask of the Dragon (worn) {Will+ Slay+3 SInv}
   (You bought it in a shop in the Dungeon)

   Slay:      It affects your accuracy & damage with ranged weapons and melee
   (+3).
   SInv:      It lets you see invisible.
   Will:      It increases your willpower.
Jewellery
 e - a ring of ice
Scrolls
 h - a scroll of immolation {unknown}
 i - a scroll of identify {unknown}
 l - a scroll of torment {unknown}
 m - a scroll of enchant weapon {unknown}
Potions
 a - 3 potions of magic
 b - 4 potions of curing
 d - a potion of haste
 f - a potion of resistance {unknown}
 j - 2 potions of attraction
 k - 2 potions of lignification {unknown}
 n - 4 potions of mutation
 q - a potion of berserk rage
Miscellaneous
 c - a condenser vane (inert)


   Skills:
 - Level 12.8 Fighting
 + Level 0.0 Long Blades
 + Level 2.0 Dodging
 + Level 2.6 Stealth
 - Level 13.0 Spellcasting
 + Level 0.0 Conjurations
 - Level 1.0 Transmutations
 + Level 0.0 Air Magic
 - Level 14.3 Earth Magic
 + Level 5.4 Evocations


You had 26 spell levels left.
You knew the following spells:

 Your Spells              Type           Power      Damage    Failure   Level
a - Sandblast             Erth           100%       2d20      0%          1
b - Stone Arrow           Conj/Erth      90%        3d12      1%          3
c - Arcjolt               Conj/Air       7%         1d17      77%         5

Your spell library contained the following spells:

 Spells                   Type           Power      Damage    Failure   Level
 Passwall                 Tmut/Erth      40%        N/A       1%          2
 Petrify                  Tmut/Erth      48%        N/A       1%          4
 Cigotuvi's Dreadful Rot  Necr/Pois/Air  28%        N/A       7%          2
 Static Discharge         Conj/Air       28%        2-4/arc   7%          2
 Vhi's Electric Charge    Tloc/Air       28%        N/A       13%         3
 Dispel Undead            Necr           14%        3d10      41%         4
 Lightning Bolt           Conj/Air       7%         1d19      77%         5
 Death Channel            Necr           7%         N/A       100%        6


Dungeon Overview and Level Annotations

Branches:
Dungeon (1/1)

Altars:
Cheibriados
Dithmenos
Elyvilon
Fedhas
Gozag
Hepliaklqana
Kikubaaqudgha
Makhleb
Nemelex Xobeh
Okawaru
Qazlal
Ru
Sif Muna
Trog
Uskayaw
Vehumet
Wu Jian
Xom
Yredelemnul
Zin
The Shining One
Jiyva
Lugonu

Shops:
D !*[=

Annotations:
D Donald, Frances


Innate Abilities, Weirdness & Mutations

You cannot wear most types of armour.
You are amphibious.
You can wear up to eight rings at the same time.
Your skin changes colour to match your surroundings (Stealth+).
Your rubbery body absorbs attacks. (AC +1, EV +1)
((You are camouflaged when in or above water. (Stealth+)))
You have tentacles for arms and can constrict up to eight enemies at once.


Message History

Unknown command.
Unknown command.
Unknown command.
Okay, then.
Okay, then. [a] 891 gold - Fouwk's Jewellery Emporium [b] 846 gold - Cenailae's Antique Armour Boutique [c] 762 gold - Osaucet's Antique Weapon Boutique Fund which merchant?
You no longer have enough gold to petition Gozag for potion effects.
You no longer have enough gold to fund merchants seeking to open stores in the dungeon.
Fouwk invites you to visit her Jewellery Emporium.
Frances is engulfed in noxious fumes.
Frances appears confused.
Frances hits the sun demon with a +0 war axe of holy wrath.
The sun demon convulses.
Donald is engulfed in noxious fumes.
Donald appears confused.
Donald hits the orange demon with a +1 war axe of holy wrath!!!
The orange demon convulses!!
The orange demon is killed!
The orange demon disappears in a puff of smoke!
Unknown command.
Unknown command.
You hit the sun demon.
The sun demon convulses.
You grab the sun demon.
The sun demon is moderately wounded.
You constrict the sun demon, but do no damage.
Frances is engulfed in noxious fumes.
Donald is engulfed in noxious fumes.
The sun demon misses you.
Frances hits Donald with a +0 war axe of holy wrath.
Donald is engulfed in noxious fumes.
Donald shouts!
You hit the sun demon.
The sun demon convulses.
You squeeze the sun demon, but do no damage.
The sun demon is heavily wounded.
You constrict the sun demon, but do no damage.
The sun demon hits you!!
You are engulfed in flames!
Frances is engulfed in noxious fumes.
The sun demon hits you!!
* * * LOW HITPOINT WARNING * * *
You are engulfed in flames!!
You die...
Your body crumbles into a pile of gold.

#)#####################
#..~§§'.#))...'.#.#.#.+
$
#)#§§§#.#)#...##.#.#.##
[[#§§§#.#.#.∩.#.#.#.#.#
#.#§§§#...#...##.#.#.#
▓▓▓▓▓▓▓▓▓▓▓▓▓▓#.#.#.#
........~~~...##.#.#.#
≈≈≈≈≈≈≈≈≈≈♣♣..'.#.#.#.#
♣♣♣♣♣♣♣♣♣♣♣♣..##@#.#.##
♣♣♣##3##### .@. $#§§§#
$$#§@§# #####


You could see Frances (fast, confused), Donald (strong, confused, reflecting)
and a sun demon (summoned).

Vanquished Creatures
  Josephine (D)
  A centaur warrior (D)
  An orc high priest (D)
  A deep elf pyromancer (D)
  An unseen horror (D)
  3 wandering mushrooms (D)
  A shadow (D)
  A spatial vortex (D)
  2 centaurs (D)
  An earth elemental (D)
  A necrophage (D)
  A scorpion (D)
  A water elemental (D)
  A jelly (D)
  2 orc priests (D)
  A wizard (D)
  6 orc wizards (D)
  A necromancer (D)
  3 humans (D)
  A kobold demonologist (D)
  9 orcs (D)
  An endoplasm (D)
  3 rats (D)
44 creatures vanquished.

Vanquished Creatures (others)
  3 plants (D)
3 creatures vanquished.

Grand Total: 47 creatures vanquished

Notes
Turn   | Place    | Note
-------+----------+-------------------------------------------
     0 | D        | rocky1 the Octopode Earth Elementalist began the quest for
                  | the Orb.
     0 | D        | Reached XP level 1. HP: 11/11 MP: 3/3
    90 | D        | Reached skill level 4 in Earth Magic
    90 | D        | Reached XP level 2. HP: 12/17 MP: 0/7
   161 | D        | Noticed a scorpion
   169 | D        | Killed a scorpion
   170 | D        | Reached skill level 5 in Spellcasting
   170 | D        | Reached skill level 6 in Earth Magic
   170 | D        | Reached XP level 3. HP: 21/21 MP: 1/10
   170 | D        | Reached XP level 4. HP: 27/27 MP: 1/11
   373 | D        | Learned a level 3 spell: Stone Arrow
   373 | D        | Noticed a water elemental
   380 | D        | Killed a water elemental
   381 | D        | Reached skill level 7 in Earth Magic
   381 | D        | Reached XP level 5. HP: 36/36 MP: 2/13
   470 | D        | Found a radiant altar of Vehumet.
   470 | D        | Found a shimmering blue altar of Sif Muna.
   470 | D        | Found an ancient bone altar of Kikubaaqudgha.
   514 | D        | Noticed a shadow
   525 | D        | Killed a shadow
   526 | D        | Reached skill level 5 in Fighting
   526 | D        | Reached skill level 9 in Earth Magic
   526 | D        | Reached XP level 6. HP: 42/46 MP: 13/17
   646 | D        | Found a blossoming altar of Fedhas.
   646 | D        | Found a stormy altar of Qazlal.
   646 | D        | Found a snail-covered altar of Cheibriados.
   646 | D        | Found a burning altar of Makhleb.
   646 | D        | Found a shimmering altar of Xom.
   646 | D        | Noticed a spatial vortex
   647 | D        | Found a hazy altar of Hepliaklqana.
   647 | D        | Found an opulent altar of Gozag.
   647 | D        | Found a sparkling altar of Nemelex Xobeh.
   647 | D        | Found a corrupted altar of Lugonu.
   647 | D        | Found a viscous altar of Jiyva.
   652 | D        | Became a worshipper of Gozag Ym Sagoz the Greedy
   656 | D        | Killed a spatial vortex
   657 | D        | Reached XP level 7. HP: 53/53 MP: 14/19
   680 | D        | Found a basalt altar of Yredelemnul.
   680 | D        | Found a shadowy altar of Dithmenos.
   680 | D        | Found a sacrificial altar of Ru.
   684 | D        | Reached skill level 10 in Earth Magic
   743 | D        | Found a glowing silver altar of Zin.
   743 | D        | Found a glowing golden altar of the Shining One.
   743 | D        | Found a white marble altar of Elyvilon.
   743 | D        | Noticed a deep elf pyromancer
   745 | D        | Killed a deep elf pyromancer
   746 | D        | Reached skill level 10 in Spellcasting
   746 | D        | Reached skill level 11 in Earth Magic
   746 | D        | Reached XP level 8. HP: 63/63 MP: 18/22
   767 | D        | Found a hide-covered altar of Uskayaw.
   767 | D        | Found an iron altar of Okawaru.
   767 | D        | Found a bloodstained altar of Trog.
   767 | D        | Found an ornate altar of the Wu Jian Council.
   818 | D        | Noticed Josephine
   824 | D        | Killed Josephine
   825 | D        | Reached skill level 10 in Fighting
   825 | D        | Reached skill level 12 in Earth Magic
   825 | D        | Reached XP level 9. HP: 34/71 MP: 19/24
   971 | D        | Noticed an orc high priest
   995 | D        | Killed an orc high priest
   996 | D        | Reached skill level 13 in Earth Magic
  1461 | D        | Found Plog's Assorted Antiques.
  1509 | D        | Bought an encrusted coral ring for 115 gold pieces
  1509 | D        | Bought a coppery potion for 20 gold pieces
  1509 | D        | Bought a potion of berserk rage for 115 gold pieces
  1513 | D        | Bought a potion of attraction for 36 gold pieces
  1513 | D        | Bought 2 potions of curing for 72 gold pieces
  1513 | D        | Bought a potion of degeneration for 12 gold pieces
  1513 | D        | Bought a potion of curing for 36 gold pieces
  1513 | D        | Bought a potion of magic for 96 gold pieces
  1540 | D        | Noticed a centaur warrior
  1555 | D        | Killed a centaur warrior
  1556 | D        | Reached XP level 10. HP: 66/80 MP: 24/26
  1702 | D        | Bought the +0 mask of the Dragon {Will+ Slay+3 SInv} for
                  | 534 gold pieces
  1702 | D        | Found the +0 mask of the Dragon {Will+ Slay+3 SInv}
  1720 | D        | Noticed an unseen horror
  1725 | D        | Killed an unseen horror
  1726 | D        | Reached skill level 14 in Earth Magic
  1813 | D        | Reached skill level 5 in Evocations
  1875 | D        | Learned a level 5 spell: Arcjolt
  1892 | D        | Noticed Donald
  1892 | D        | Noticed Frances
  1894 | D        | Noticed an orange demon
  1894 | D        | Noticed a sun demon
  1896 | D        | Slain by a sun demon

Illustrated notes

Levels and vault maps discovered:
D:        dungeon_sprint_mu [sprint_mu_entry_forest, sprint_mu_temple_rooms,
          sprint_mu_d1_horrors, sprint_mu_d2_genie, sprint_mu_d3_branching,
          sprint_mu_orc_legion, sprint_mu_elf_gauntlet, sprint_mu_hive_nellie,
          sprint_mu_lair_fedhas, sprint_mu_vaults_butterflies,
          sprint_mu_slime_circle, sprint_mu_swamp_cave, sprint_mu_shoals_archi,
          sprint_mu_blade_basic, sprint_mu_crypt_fortress,
          sprint_mu_tomb_spiral, sprint_mu_vestibule_basic,
          sprint_mu_gehenna_hellfire, sprint_mu_dis_giant,
          sprint_mu_tartarus_statrot, sprint_mu_cocytus_islands, sprint_mu_zot1]

Skill      XL: |  1  2  3  4  5  6  7  8  9 10 |
---------------+-------------------------------+-----
Spellcasting   | 4 5 6 8 10 11 12 13 | 13.0
Earth Magic    | 4 6 7 9 11 12 13 14 | 14.3
Fighting       | 2 5 6 8 10 12 | 12.8
Evocations     | 3 5 |  5.4
Dodging        | |  2.0
Stealth        | |  2.6
Transmutations | |  1.0

Action                   |  1- 3 |  4- 6 |  7- 9 | 10-12 || total
-------------------------+-------+-------+-------+-------++-------
Melee: Dagger            |       |     6 |    33 |       ||    39
       Tentacles         |       |     1 |     9 |     5 ||    15
       Unarmed           |       |     1 |       |       ||     1
       Constrict         |       |       |     9 |     4 ||    13
       Long sword        |       |       |    16 |    12 ||    28
 Cast: Sandblast         |    19 |    14 |    37 |    17 ||    87
       Stone Arrow       |       |     1 |       |       ||     1
Invok: Potion Petition   |       |       |     2 |       ||     2
       Call Merchant     |       |       |     1 |     2 ||     3
Evoke: Condenser vane    |       |       |     1 |     1 ||     2
  Use: Potion            |     1 |     3 |     4 |       ||     8
       Scroll            |       |       |     1 |       ||     1
Armor: Skin              |       |       |     5 |     1 ||     6
Dodge: Dodged            |     8 |     7 |    24 |     3 ||    42

Table legend: (Time is in decaauts)
 A = Elapsed time spent in this place.
 B = Non-inter-level travel time spent in this place.
 C = Inter-level travel time spent in this place.
 D = Time resting spent in this place.
 E = Time spent auto-exploring this place.
 F = Levels seen in this place.
 G = Mean time per level.
                   A        B        C        D        E       F      G
               +--------+--------+--------+--------+--------+-----+--------+
         Total |   1922 |   1922 |      0 |   1193 |      0 |   1 | 1922.0 |
       Dungeon |   1922 |   1922 |      0 |   1193 |      0 |   1 | 1922.0 |
               +--------+--------+--------+--------+--------+-----+--------+

Top non-repeatable levels by time:
       D: 1922 daAuts
